 Dungeon Crawl Stone Soup version 0.20.0-10-g0535bb4 (webtiles) character file.

1932 Gorglomux the Grappler (level 8, -2/67 HPs)
             Began as a Troll Venom Mage on June 4, 2017.
             Slain by a hog (10 damage)
             ... on level 7 of the Dungeon.
             The game lasted 00:05:46 (5479 turns).

Gorglomux the Grappler (Troll Venom Mage)           Turns: 5479, Time: 00:05:47

Health: -2/67      AC:  5    Str: 15    XL:     8   Next: 97%
Magic:  8/8        EV: 10    Int: 11    God:
Gold:   439        SH:  0    Dex: 12    Spells: 8/9 levels left

rFire    . . .     SeeInvis .     - Unarmed
rCold    . . .     Gourm    +   (no shield)
rNeg     . . .     Faith    .   a - +0 robe
rPois    .         Spirit   .   (helmet restricted)
rElec    .         Reflect  .   (no cloak)
rCorr    .         Harm     .   (gloves unavailable)
MR       .....                  (boots unavailable)
Stlth    ++........             (no amulet)
Regen    0.7/turn               (no ring)
MPRegen  0.2/turn               (no ring)

@: very slightly contaminated, invisible
A: unfitting armour, claws 3, fast metabolism 3, gourmand, mutation resistance
1, regeneration 1, shaggy fur 1, tough skin 2, weak 1
a: no special abilities


You were on level 7 of the Dungeon.
You were very full.

You visited 1 branch of the dungeon, and saw 7 of its levels.
You also visited: Sewer.

You collected 439 gold pieces.

Inventory:

Armour
 a - a +0 robe (worn)
Scrolls
 d - 6 scrolls of identify {unknown}
 h - 2 scrolls of immolation {unknown}
 j - 2 scrolls of fear {unknown}
 q - 2 scrolls of amnesia {unknown}
 t - a scroll of blinking {unknown}
 w - a scroll of random uselessness {unknown}
 x - a scroll of noise {unknown}
 D - 2 scrolls of recharging {unknown}
 M - 2 scrolls of magic mapping
 T - 10 scrolls of teleportation
 W - 2 scrolls of enchant weapon {unknown}
Potions
 e - a potion of magic {unknown}
 f - 3 potions of curing {unknown}
 g - 2 potions of agility
 k - a potion of mutation {!q}
 l - 8 potions of flight
 m - 2 potions of brilliance
 n - a potion of cancellation {unknown}
 u - 4 potions of heal wounds
 v - a potion of lignification {unknown}
 C - a potion of resistance {unknown}
 U - a potion of might {unknown}
Books
 b - a Young Poisoner's Handbook

   Spells                             Type                      Level
   a - Sting                          Conjuration/Poison           1
   b - Poisonous Vapours              Poison/Air                   2
   c - Mephitic Cloud                 Conjuration/Poison/Air       3
   d - Olgreb's Toxic Radiance        Poison                       4
   e - Venom Bolt                     Conjuration/Poison           5
 s - a book of Minor Magic

   Spells                             Type                      Level
   a - Magic Dart                     Conjuration                  1
   b - Blink                          Translocation                2
   c - Call Imp                       Summoning                    2
   d - Slow                           Hexes                        2
   e - Conjure Flame                  Conjuration/Fire             3
   f - Mephitic Cloud                 Conjuration/Poison/Air       3
Comestibles
 c - 4 bread rations
 i - 8 fruits
 r - 3 royal jellies
 z - a meat ration
 X - 9 chunks of flesh


   Skills:
 - Level 1.5 Dodging
 - Level 1.0 Stealth
 + Level 11.4 Unarmed Combat
 - Level 1.2 Spellcasting
 - Level 0.6 Conjurations
 - Level 2.1 Poison Magic


You had 8 spell levels left.
You knew the following spells:

 Your Spells              Type           Power        Failure   Level  Hunger
a - Sting                 Conj/Pois      #...         19%         1    ##.....


Dungeon Overview and Level Annotations

Branches:
Dungeon (7/15)             Temple (0/1) D:4

Altars:
Cheibriados
Elyvilon
Makhleb
Okawaru

Annotations:
D:6 1 transporter
D:7 Prince Ribbit


Innate Abilities, Weirdness & Mutations

You are too large for most types of armour.
You have claws for hands.
Your metabolism is lightning-fast.
You like to eat raw meat.
Your natural rate of healing is unusually fast.
You are covered in fur. (AC +1)
You have very tough skin. (AC +2)
You are somewhat resistant to further mutation.
You are weak. (Str -2)


Message History

There are monsters nearby!
The hog closely misses you. The hog bites you.
* * * LOW HITPOINT WARNING * * *
There is an open door here.
You are too injured to fight recklessly!
You are too injured to fight recklessly!
You fade into invisibility!
The hog bites you.
* * * LOW HITPOINT WARNING * * *
The hog misses you.
You are very lightly contaminated with residual magic.
You catch the helpless hog completely off-guard!
You mangle the hog!! You claw the hog.
The hog is severely wounded.
The hog bites you!
* * * LOW HITPOINT WARNING * * *
You barely miss the hog.
The hog is heavily wounded.
The hog bites you!
You die...

.([...#..# #........#
#####.#..# #........#
#[#..###...(....#
#....##.........#######
###.....).......#%%#..#
##....#......###%.#..#
###...###[####...#..'..#
#...(## #.# ###h.#h.#[.#
#.##.# #.# #@hhh#hh#$.#
####.##.## #.#
####.#'##### .........#
... #.......# #####....#
... #.#....## #####....#
.. #.#..### #....#####
#....## #.##..####
###...#######.
..###..).#
#.............
.#########
##.......####.


You could see 4 hogs.

Vanquished Creatures
  A human (D:7)
  A hungry ghost (D:6)
  A necrophage (D:7)
  3 ogres
  2 centaurs
  A bullfrog (D:7)
  A scorpion (D:4)
  A howler monkey (D:5)
  2 crimson imps (D:6)
  A centaur skeleton (D:5)
  2 jellies
  8 orc priests
  3 bullfrog skeletons
  3 hounds
  2 iguanas
  An orc wizard (D:6)
  3 worker ants
  A hound skeleton (D:5)
  A worker ant zombie (D:5)
  9 adders
  5 oozes
  10 worms
  4 dart slugs
  9 leopard geckos
  22 orcs
  2 ball pythons (Sewer)
  9 giant cockroaches
  6 goblins
  3 hobgoblins
  17 jackals
  4 quokkas
  12 bats
  7 frilled lizards
  A kobold (D:2)
  A leopard gecko zombie (D:6)
  6 rats
165 creatures vanquished.

Notes
Turn   | Place    | Note
-------+----------+-------------------------------------------
     0 | D:1      | Gorglomux the Troll Venom Mage began the quest for the Orb.
     0 | D:1      | Reached XP level 1. HP: 16/16 MP: 1/1
    45 | D:1      | Reached skill level 1 in Unarmed Combat
   172 | D:1      | Reached XP level 2. HP: 19/24 MP: 2/2
   487 | D:1      | Reached skill level 2 in Unarmed Combat
   922 | D:2      | Reached XP level 3. HP: 31/31 MP: 3/3
   946 | D:2      | Found an iron altar of Okawaru.
   957 | D:2      | Reached skill level 3 in Unarmed Combat
  1470 | D:3      | Reached XP level 4. HP: 37/39 MP: 4/4
  1553 | D:3      | Reached skill level 4 in Unarmed Combat
  1578 | D:3      | Reached XP level 5. HP: 22/45 MP: 5/5
  1754 | D:3      | Found a snail-covered altar of Cheibriados.
  1755 | D:3      | Found a white marble altar of Elyvilon.
  1816 | D:3      | Reached skill level 5 in Unarmed Combat
  2243 | D:4      | Found a staircase to the Ecumenical Temple.
  2324 | D:4      | Found a burning altar of Makhleb.
  2398 | D:4      | Reached skill level 6 in Unarmed Combat
  2398 | D:4      | Reached XP level 6. HP: 52/53 MP: 6/6
  2486 | D:4      | Found a white marble altar of Elyvilon.
  2741 | D:4      | Found a glowing drain.
  2759 | Sewer    | Entered a sewer
  3469 | D:5      | Entered Level 5 of the Dungeon
  3473 | D:5      | Reached skill level 7 in Unarmed Combat
  3515 | D:5      | Reached XP level 7. HP: 59/59 MP: 7/7
  3667 | D:5      | Reached skill level 8 in Unarmed Combat
  4170 | D:6      | Found a transporter.
  4401 | D:6      | Reached skill level 9 in Unarmed Combat
  4438 | D:6      | Reached XP level 8. HP: 30/67 MP: 8/8
  4742 | D:6      | Reached skill level 10 in Unarmed Combat
  5168 | D:7      | Noticed Prince Ribbit
  5209 | D:7      | HP: 2/67 [ogre/giant club (26)]
  5237 | D:7      | Gained mutation: You are weak. (Str -2) [potion of mutation]
  5237 | D:7      | Gained mutation: You are somewhat resistant to further mutation. [potion of mutation]
  5356 | D:7      | Reached skill level 11 in Unarmed Combat
  5479 | D:7      | Slain by a hog

Skill      XL: |  1  2  3  4  5  6  7  8 |
---------------+-------------------------+-----
Unarmed Combat | 1 2 3 4 6 7 9 11 | 11.4
Dodging        | |  1.5
Stealth        | |  1.0
Spellcasting   | |  1.2
Conjurations   | |  0.6
Poison Magic   | |  2.1

Action                   |  1- 3 |  4- 6 |  7- 9 || total
-------------------------+-------+-------+-------++-------
Melee: Unarmed           |   115 |   198 |   194 ||   507
       Punch             |     1 |     5 |     3 ||     9
  Use: Scroll            |       |     2 |       ||     2
       Potion            |       |     1 |     6 ||     7
 Stab: Sleeping          |     4 |     2 |     6 ||    12
       Invisible         |       |       |     3 ||     3
  Eat: Chunk             |    19 |    20 |    24 ||    63
Armor: Robe              |    49 |    85 |    56 ||   190
Dodge: Dodged            |    65 |   101 |   113 ||   279
